 Dungeon Crawl Stone Soup version 0.22-a0-136-g83a10e5 (webtiles) character file.

30 Lathuz the Firebug (level 3, 19/19 HPs)
             Began as a Deep Elf Fire Elementalist on Feb 2, 2018.
             Quit the game on level 2 of the Dungeon.
             The game lasted 00:01:52 (1504 turns).

Lathuz the Firebug (Deep Elf Fire Elementalist)     Turns: 1504, Time: 00:01:53

Health: 19/19      AC:  2    Str:  5    XL:     3   Next: 5%
Magic:  9/9        EV: 13    Int: 20    God:
Gold:   74         SH:  0    Dex: 15    Spells: 2/8 levels left

rFire    . . .     SeeInvis .   j - +0 dagger
rCold    . . .     Gourm    .   (no shield)
rNeg     . . .     Faith    .   a - +0 robe
rPois    .         Spirit   .   (no helmet)
rElec    .         Reflect  .   (no cloak)
rCorr    .         Harm     .   (no gloves)
MR       .....                  (no boots)
Stlth    ++........             (no amulet)
HPRegen  0.06/turn              (no ring)
MPRegen  0.11/turn              (no ring)

@: no status effects
A: no striking features
a: no special abilities


You were on level 2 of the Dungeon.
You were not hungry.

You visited 1 branch of the dungeon, and saw 2 of its levels.

You collected 74 gold pieces.

Inventory:

Hand Weapons
 j - a +0 dagger (weapon)
Missiles
 f - 56 stones (quivered)
Armour
 a - a +0 robe (worn)
Jewellery
 e - a cursed ring of loudness {unknown}
Scrolls
 d - a scroll of noise {unknown}
 h - 2 scrolls of remove curse {unknown}
 i - a scroll of fear {unknown}
 m - a scroll of identify {unknown}
 n - a scroll of enchant weapon {unknown}
Potions
 k - a potion of ambrosia {unknown}
 l - a potion of magic {unknown}
Books
 b - a book of Flames

   Spells                             Type                      Level
   a - Flame Tongue                   Conjuration/Fire             1
   b - Throw Flame                    Conjuration/Fire             2
   c - Conjure Flame                  Conjuration/Fire             3
   d - Inner Flame                    Hexes/Fire                   3
   e - Sticky Flame                   Conjuration/Fire             4
   f - Fireball                       Conjuration/Fire             5
Comestibles
 c - 3 rations
 g - 2 chunks of flesh


   Skills:
 - Level 2.9 Dodging
 - Level 3.0 Stealth
 + Level 3.4 Spellcasting
 + Level 1.7 Conjurations
 + Level 3.6 Fire Magic


You had 2 spell levels left.
You knew the following spells:

 Your Spells              Type           Power        Failure   Level  Hunger
a - Flame Tongue          Conj/Fire      ##...        4%          1    None
b - Throw Flame           Conj/Fire      ##....       7%          2    ##.....
c - Conjure Flame         Conj/Fire      ##......     14%         3    ###....


Dungeon Overview and Level Annotations

Branches:
Dungeon (2/15)

Altars:


Message History

Confirm with . or Enter, or press ? or * to list all spells.
Aiming: Throw Flame (safe; 7% risk of failure)
Press: ? - help, Shift-Dir - straight line, f - bat
Aim: a bat The puff of flame misses the bat.
A bat is nearby!
Casting: Throw Flame (safe; 7% risk of failure)
Confirm with . or Enter, or press ? or * to list all spells.
Aiming: Flame Tongue (safe; 4% risk of failure)
Press: ? - help, Shift-Dir - straight line, f/p - bat
Aim: a bat The flame tongue hits the bat.
You kill the bat!
Your Stealth skill increases to level 3!
You start resting.
Magic restored.
You now have 68 gold pieces (gained 11).
You now have 74 gold pieces (gained 6).
n - a scroll labeled TIKARA ERPHOU Are you sure you want to abandon this character and quit the game? (Confirm with "yes".)

♣.♣♣ ♣♣.♣ ♣.♣
♣♣.♣♣ # ♣.♣♣
♣.♣♣ # ♣♣.♣ ♣.♣
# ♣.♣♣ ♣.♣ #
♣♣.♣♣ ♣.♣ ##
♣..♣ ♣.♣ .# ♣..♣
♣♣.♣ .## ♣..♣
♣@♣♣ ..# ♣..♣
♣.♣♣
..###..##### #.
............. ..
################


There were no monsters in sight!

Vanquished Creatures
  A ball python (D:1)
  5 bats
  2 giant cockroaches (D:1)
  A goblin (D:1)
  6 hobgoblins
  5 kobolds (D:1)
  6 rats (D:1)
26 creatures vanquished.

Notes
Turn   | Place    | Note
-------+----------+-------------------------------------------
     0 | D:1      | Lathuz the Deep Elf Fire Elementalist began the quest for the Orb.
     0 | D:1      | Reached XP level 1. HP: 10/10 MP: 6/6
   251 | D:1      | Reached XP level 2. HP: 15/15 MP: 6/8
   262 | D:1      | Learned a level 2 spell: Throw Flame
  1301 | D:2      | Reached XP level 3. HP: 19/19 MP: 6/9
  1333 | D:2      | Learned a level 3 spell: Conjure Flame
  1504 | D:2      | Quit the game

Vault maps used:
D:1:      dpeg_arrival_three_same_balls
D:2:      kb_forest_paths, nrook_loot_triangle, minmay_lizard_pond

Skill      XL: |  1  2  3 |
---------------+----------+-----
Stealth        | 3 |  3.0
Dodging        | |  2.9
Spellcasting   | |  3.4
Conjurations   | |  1.7
Fire Magic     | |  3.6

Action                   || total
-------------------------++-------
Throw: Stone             ||    13
 Cast: Flame Tongue      ||    14
       Throw Flame       ||    19
  Eat: Chunk             ||     2
Dodge: Dodged            ||     5

Table legend:
 A = Spawn XP
 B = Non-spawn XP
 C = Spawn XP percentage of total XP
 D = Spawn monster count
 E = Non-spawn monster count
 F = Spawn count percentage of total count
 G = Total turns spent on level
                    A         B        C        D         E        F      G
               +---------+---------+-------+---------+---------+-------+---------
         Total |       0 |      44 |   0.0 |       0 |      26 |   0.0 |  1504
               +---------+---------+-------+---------+---------+-------+---------
           D:1 |       0 |      36 |   0.0 |       0 |      22 |   0.0 |  1188
           D:2 |       0 |       8 |   0.0 |       0 |       4 |   0.0 |   316
               +---------+---------+-------+---------+---------+-------+---------
